Map: Jagannatha LE

Players

Scarlett

  • Race: Zerg Zerg

Neeb - Winner!

  • Race: Protoss Protoss

Event: DreamHack SC2 Masters 2021 Fall

VOD

Have the link to the VOD?

Description

Time

  • Played on: Aug. 14, 2021, 5:03 p.m.
  • Length: 5:00

All games in this series

Show
View Real Time Build Order
Export as new Build Order

Scarlett Zerg 

Build Orders: Hatch First, Zergling Baneling 

Get SALT Encoding   

  12  0:00  Drone  
  13  0:12  Overlord  
  13  0:16  Drone  
  14  0:30  Drone x2  
  16  0:47  Hatchery  
  15  0:51  Drone  
  15  0:55  Drone  
  17  0:58  Drone  
  18  1:09  Extractor  
  17  1:15  Spawning Pool  
  17  1:17  Drone  
  17  1:20  Drone  
  18  1:28  Drone  
  19  1:38  Drone  
  20  1:50  Drone  
  21  2:01  Queen x2  
  21  2:02  Zergling x2, Overlord  
  26  2:10  Drone  
  26  2:11  Drone  
  26  2:14  Metabolic Boost  
  28  2:20  Drone  
  28  2:21  Drone  
  30  2:39  Hatchery  
  29  2:47  Drone x2  
  29  2:48  Baneling Nest  
  29  2:51  Overlord  
  30  2:54  Zergling x2  
  30  2:58  Zergling x2  
  32  3:00  Zergling x2  
  33  3:10  Zergling x8  
  38  3:20  Zergling x6  
  38  3:26  Zergling x2  
  41  3:34  Zergling x2  
  42  3:38  Baneling x3  
  42  3:39  Baneling  
  42  3:40  Baneling x2  
  42  3:41  Baneling  
  42  3:44  Overlord  
  42  3:45  Zergling x2  
  43  3:48  Baneling  
  42  3:59  Zergling x2  
  40  4:03  Zergling x14  
  46  4:11  Queen  
  46  4:13  Zergling x2  
  46  4:15  Drone x2  
  48  4:23  Drone  
  49  4:31  Baneling x5  
  49  4:37  Overlord  
  49  4:45  Drone  
Show
View Real Time Build Order
Export as new Build Order

Neeb Protoss - Winner!

Build Orders: 1 Gate Expand, Oracle Opening 

Get SALT Encoding   

  12  0:00  Probe  
  13  0:12  Probe  
  14  0:20  Pylon  
  14  0:24  Probe  
  15  0:38  Probe (Chrono Boost)  
  15  0:40  Gateway  
  16  0:47  Probe (Chrono Boost)  
  16  0:48  Assimilator  
  17  0:52  Probe  
  18  1:04  Probe  
  19  1:17  Probe  
  20  1:26  Nexus  
  20  1:34  Cybernetics Core  
  20  1:37  Probe  
  21  1:42  Assimilator  
  21  1:49  Probe  
  21  1:52  Pylon  
  22  2:01  Probe (Chrono Boost)  
  23  2:10  Adept  
  23  2:11  Warp Gate  
  23  2:12  Probe (Chrono Boost)  
  26  2:16  Probe (Chrono Boost)  
  27  2:28  Probe (Chrono Boost)  
  27  2:29  Stargate  
  29  2:37  Probe (Chrono Boost)  
  29  2:40  Adept, Probe (Chrono Boost)  
  33  2:47  Probe x2 (Chrono Boost)  
  34  2:52  Probe (Chrono Boost)  
  34  2:54  Probe  
  36  3:03  Void Ray (Chrono Boost)  
  36  3:04  Probe  
  37  3:05  Pylon  
  37  3:06  Probe  
  37  3:10  Adept  
  44  3:16  Probe  
  44  3:19  Probe  
  46  3:22  Gateway  
  46  3:28  Probe  
  46  3:31  Probe  
  48  3:36  Oracle (Chrono Boost)  
  48  3:40  Probe  
  53  3:50  Nexus  
  53  3:53  Assimilator  
  52  3:57  Pylon  
  52  4:00  Pylon x2  
  50  4:03  Gateway  
  50  4:05  Gateway  
  50  4:07  Pylon x2, Oracle (Chrono Boost)  
  49  4:13  Probe  
  49  4:14  Probe  
  50  4:23  Sentry  
  51  4:25  Probe  
  51  4:26  Probe  
  53  4:37  Shield Battery, Probe  
  54  4:38  Shield Battery, Probe  

Tags
 
Add a new tag
Caveats
  • Supply blocks, unpowered buildings, or Contaminate may cause inaccurate times.
  • Supply counts are checked every 10 seconds.